 Dungeon Crawl Stone Soup version 0.25-a0-424-g80bd347ae0 (webtiles) character file.

Game seed: 2896769248872553389, levelgen mode: deterministic

1398 zorance the Conjurer (level 8, -4/67 HPs)
             Began as a Yellow Draconian Conjurer on Jan 21, 2020.
             Was a Follower of Vehumet.
             Killed by divine providence
             ... invoked by an orc priest
              (10 damage)
             ... on level 8 of the Dungeon.
             The game lasted 00:17:31 (7494 turns).

zorance the Conjurer (Yellow Draconian Conjurer)    Turns: 7494, Time: 00:17:31

Health: -4/67      AC:  6    Str: 11    XL:     8   Next: 41%
Magic:  11/17      EV: 12    Int: 17    God:    Vehumet [*.....]
Gold:   342        SH:  0    Dex: 12    Spells: 12/19 levels left

rFire    . . .     SeeInvis .   o - +0 dagger (speed)
rCold    . . .     Gourm    .   (no shield)
rNeg     . . .     Faith    .   (armour unavailable)
rPois    .         Spirit   .   (helmet restricted)
rElec    .         Reflect  .   (no cloak)
rCorr    +         Harm     .   (no gloves)
MR       .....                  (no boots)
Stlth    ++........             (no amulet)
HPRegen  0.21/turn              (no ring)
MPRegen  0.15/turn              (no ring)

@: no status effects
A: spit acid, unfitting armour, cold-blooded, acid resistance, AC +6
a: Breathe Acid, Renounce Religion


You were on level 8 of the Dungeon.
You worshipped Vehumet.
Vehumet was aware of your devotion.
You were hungry.

You visited 1 branch of the dungeon, and saw 8 of its levels.

You collected 342 gold pieces.

Inventory:

Hand Weapons
 f - a +0 short sword
 o - a +0 dagger of speed (weapon)
Missiles
 g - 62 poisoned darts (quivered)
 p - 4 silver boomerangs
Magical Staves
 w - an uncursed staff of earth
Wands
 q - a wand of paralysis (20)
Scrolls
 c - a scroll of remove curse
 d - a scroll of amnesia {unknown}
 e - a scroll of fear {unknown}
 i - a scroll of fog {unknown}
 l - a scroll of random uselessness {unknown}
 m - a scroll of magic mapping {unknown}
 s - a scroll of immolation {unknown}
 x - a scroll of identify
Potions
 a - a potion of flight
 h - 2 potions of cancellation
 j - 2 potions of lignification
 k - a potion of heal wounds {unknown}
 n - a potion of agility {unknown}
 r - a potion of mutation {unknown}
 t - a potion of curing {unknown}
 u - a potion of resistance {unknown}
 v - a potion of brilliance {unknown}
 A - a potion of berserk rage {unknown}
Comestibles
 b - 14 rations
 z - 6 chunks of flesh


   Skills:
 + Level 4.3 Fighting
 - Level 1.7 Dodging
 - Level 1.7 Stealth
 - Level 6.0 Spellcasting
 - Level 7.0 Conjurations
 + Level 3.9 Translocations


You had 12 spell levels left.
You knew the following spells:

 Your Spells              Type           Power        Failure   Level  Hunger
a - Magic Dart            Conj           ####         1%          1    None
b - Searing Ray           Conj           ####..       1%          2    None
c - Iskenderun's Mystic   Conj/Tloc      ###.....     13%         4    ####...

Your spell library contained the following spells:

 Spells                   Type           Power        Failure   Level  Hunger
 Freeze                   Ice            #...         13%         1    None
 Dazzling Flash           Conj/Hex       ###...       9%          3    ##.....
 Fulminant Prism          Conj/Hex       ###.......   30%         4    ####...


Dungeon Overview and Level Annotations

Branches:
Dungeon (9/15)
 Temple: D:4-7         Lair: D:8-11         Orc: D:9-12

Altars:
Dithmenos
Vehumet

Annotations:
D:4 exclusion: ogre
D:8 Joseph


Innate Abilities, Weirdness & Mutations

You can spit globs of acid.
Your golden yellow scales are hard. (AC +6)
You cannot fit into any form of body armour.
You are cold-blooded and may be slowed by cold attacks.
You are resistant to acid. (rCorr)


Message History

Deactivating autopickup; reactivate with Ctrl-A.
An orc comes into view. It is wielding a +0 war axe.
The crimson imp shouts!
The hound stops to sniff the ground.
Found a scimitar.
The hound barely misses you.
A sky beast appears from thin air!
Reactivating autopickup.
The orc priest looks braver for a moment.
The hound closely misses you.
Found a leatherbound book and a pink potion.
You have got your breath back.
The hound closely misses you.
The sky beast flickers out of sight!
Deactivating autopickup; reactivate with Ctrl-A.
Found a halberd.
The hound bites you but does no damage.
The orc priest calls down the wrath of Beogh upon you.
Beogh smites you!
You die...

.#........##........
.#.......o.#.......#
.##........o.## ..#
..##......5o..## ..# ..
#........o.)##..# # .
.#....)##.........##.#.#
.......##......5........
..#....#.......#....#
#.#.........h@...##
...:....##.!.##
.........##..##
........#.#.## ......#
)..# .#... ... ### ...
....


You could see an orc warrior, a hound, an orc priest, 2 crimson imps and 2 orcs.

Vanquished Creatures
  3 yaks (D:9)
  A sky beast (D:5)
  An ogre (D:9)
  A necrophage (D:9)
  2 bullfrogs (D:9)
  A wight (D:9)
  3 hounds
  A jelly (D:9)
  A gnoll shaman (D:4)
  A bullfrog skeleton (D:4)
  An orc priest (D:3)
  Jessica (D:2)
  5 worker ants
  3 gnolls (D:4)
  4 adders
  An ooze (D:2)
  2 adder zombies
  An adder skeleton (D:4)
  A worm (D:2)
  A dart slug (D:2)
  6 leopard geckos
  15 orcs
  A ball python (D:2)
  11 bats
  3 giant cockroaches (D:1)
  5 goblins
  7 hobgoblins
  9 jackals
  10 kobolds
  A quokka (D:4)
  4 frilled lizards
  A leopard gecko skeleton (D:3)
  A quokka zombie (D:5)
  12 rats
121 creatures vanquished.

Notes
Turn   | Place    | Note
-------+----------+-------------------------------------------
     0 | D:1      | zorance the Draconian Conjurer began the quest for the Orb.
     0 | D:1      | Reached XP level 1. HP: 14/14 MP: 3/3
   587 | D:1      | Reached XP level 2. HP: 20/20 MP: 1/5
   849 | D:1      | Learned a level 2 spell: Searing Ray
  1761 | D:1      | Reached XP level 3. HP: 26/26 MP: 4/7
  2353 | D:2      | Noticed Jessica
  2368 | D:2      | Killed Jessica
  2368 | D:2      | Reached XP level 4. HP: 31/33 MP: 0/8
  2692 | D:2      | Reached skill level 5 in Conjurations
  3754 | D:3      | Found a radiant altar of Vehumet.
  3799 | D:3      | Reached XP level 5. HP: 5/38 MP: 0/10
  4067 | D:3      | Became a worshipper of Vehumet
  4976 | D:4      | Learned a level 4 spell: Iskenderun's Mystic Blast
  5053 | D:4      | Reached XP level 6. HP: 40/45 MP: 5/12
  5117 | D:4      | Got a silken robe
  5174 | D:4      | Reached skill level 6 in Conjurations
  5503 | D:5      | Entered Level 5 of the Dungeon
  5543 | D:5      | Found a shadowy altar of Dithmenos.
  6113 | D:5      | Noticed a sky beast
  6135 | D:5      | Killed a sky beast
  6135 | D:5      | Reached skill level 5 in Spellcasting
  6201 | D:5      | Your scales start taking on a golden yellow colour.
  6201 | D:5      | Reached XP level 7. HP: 43/50 MP: 8/14
  6201 | D:5      | Gained mutation: You are resistant to acid. (rCorr) [Yellow
                  | Draconian growth]
  6811 | D:6      | You fall into a shaft and drop 3 floors!
  6969 | D:9      | Reached skill level 7 in Conjurations
  7107 | D:9      | Reached skill level 1 in Fighting
  7107 | D:9      | Reached skill level 1 in Translocations
  7340 | D:9      | Reached * piety under Vehumet
  7340 | D:9      | Offered knowledge of Freeze by Vehumet.
  7397 | D:9      | Noticed a yak
  7398 | D:9      | Noticed a yak
  7412 | D:9      | Noticed a yak
  7415 | D:9      | Killed a yak
  7415 | D:9      | Reached XP level 8. HP: 46/62 MP: 9/17
  7474 | D:8      | Noticed Joseph
  7475 | D:8      | HP: 2/67 [Joseph/sling bullet (13)]
  7494 | D:8      | Killed from afar by an orc priest

Levels and vault maps discovered:
D:1:      tarquinn_simple_flora_water_f, layout_basic
D:2:      layout_loops_ring, uniq_jessica
D:3:      layout_rooms, overflow_temple_1_default,
          hangedman_abyss_or_decor_lesser_grid, skrybe_limestone_x,
          minivault_19, corexii_item_surrounded_by_moat
D:4:      layout_loops_ring, chequers_decorated_corner
D:5:      layout_rooms, first_ration, nicolae_dithmenos_through_a_glass_darkly
D:6:      layout_rooms
D:8:      layout_cave_pools, the_bakery, uniq_joseph
D:9:      layout_roguey, lair_entry_dummy, serial_undead, serial_undead_c,
          serial_undead_e, serial_undead_a, serial_undead_d, serial_undead_a,
          onia_ninara_cookie

Skill      XL: |  1  2  3  4  5  6  7  8 |
---------------+-------------------------+-----
Spellcasting   | 3 4 5 6 |  6.0
Conjurations   | 5 6 7 |  7.0
Fighting       | 2 4 |  4.3
Translocations | 2 3 |  3.9
Dodging        | |  1.7
Stealth        | |  1.7

Action                   |  1- 3 |  4- 6 |  7- 9 || total
-------------------------+-------+-------+-------++-------
Melee: Unarmed           |     2 |       |       ||     2
       Whip              |     5 |       |       ||     5
       Tailslap          |     1 |     2 |     1 ||     4
       Short sword       |     2 |     8 |       ||    10
       Dagger            |       |    19 |     2 ||    21
Throw: Dart              |       |     3 |     6 ||     9
 Cast: Magic Dart        |    71 |    96 |     7 ||   174
       Searing Ray       |     3 |    27 |    15 ||    45
 Abil: Breathe Acid      |       |       |     2 ||     2
  Use: Scroll            |       |     4 |       ||     4
  Eat: Chunk             |     5 |    12 |     1 ||    18
       Ration            |       |       |     1 ||     1
Armor: Skin              |     7 |    10 |    15 ||    32
Dodge: Dodged            |    10 |    33 |    33 ||    76

Table legend:
 A = Non-vault XP
 B = Vault XP
 C = Vault XP percentage of total XP
 D = Non-vault monster count
 E = Vault monster count
 F = Vault count percentage of total count
                 A         B        C        D         E       F
            +---------+---------+-------+---------+---------+-------
      Total |    1779 |     219 |  11.0 |     117 |       4 |   3.3
            +---------+---------+-------+---------+---------+-------
        D:1 |      43 |       0 |   0.0 |      28 |       0 |   0.0
        D:2 |      58 |      37 |  38.9 |      21 |       1 |   4.5
        D:3 |      94 |       0 |   0.0 |      28 |       0 |   0.0
        D:4 |     197 |       0 |   0.0 |      13 |       0 |   0.0
        D:5 |     386 |       0 |   0.0 |      18 |       0 |   0.0
        D:9 |    1001 |     182 |  15.4 |       9 |       3 |  25.0
            +---------+---------+-------+---------+---------+-------
